 Dungeon Sprint DCSS version 0.19-a0-1922-g1e9a4c1 (webtiles) character file.

922 LORDOFBUTT the Blocker (level 7, -13/72 HPs)
             Began as a Minotaur Fighter on Oct 24, 2016.
             Was an Initiate of Gozag.
             Shot with an arrow by a centaur warrior (17 damage)
             ... in the Dungeon (Sprint IX: "|||||||||||||||||||||||||||||").
             The game lasted 00:01:16 (391 turns).

LORDOFBUTT the Blocker (Minotaur Fighter)            Turns: 391, Time: 00:01:16

Health: -13/72     AC: 16    Str: 22    XL:     7   Next: 84%
Magic:  6/6        EV: 11    Int:  5    God:    Gozag
Gold:   468        SH: 12    Dex: 10    Spells: 0 memorised, 6 levels left

rFire  . . .     SeeInvis .     a - +0 trident
rCold  . . .     Gourm    .     t - +1 chain mail
rNeg   . . .     Faith    .     c - +0 shield
rPois  .         Spirit   .     (helmet restricted)
rElec  .         Reflect  .     (no cloak)
rCorr  .         Harm     .     u - +0 pair of gloves
MR     .....     NoTele   +     (no boots)
Stlth  ..........               (no amulet)
                                s - +2 ring of evasion
                                r - +2 ring of protection

@: gold aura
A: retaliatory headbutt, horns 2
a: Potion Petition, Call Merchant, Bribe Branch, Renounce Religion


You were in the Dungeon.
You worshipped Gozag.
Gozag was aware of your devotion.
You were not hungry.

You visited 1 branch You collected 468 gold pieces.

Inventory:

Hand Weapons
 a - a +0 trident (weapon)
 q - a +2 halberd of venom
Armour
 c - a +0 shield (worn)
 t - a +1 chain mail (worn)
 u - a +0 pair of gloves (worn)
Jewellery
 r - a +2 ring of protection (left hand)
 s - a +2 ring of evasion (right hand)
Wands
 p - a wand of acid (7/15)
Scrolls
 k - 2 scrolls of blinking
 n - 3 scrolls of remove curse
 o - 2 scrolls of amnesia
Potions
 d - a potion of might
 e - 4 potions of curing
 g - 2 potions of heal wounds
 h - a potion of haste
 i - 4 potions of magic
 j - a potion of berserk rage
 m - a potion of invisibility
Comestibles
 f - a bread ration


   Skills:
 + Level 10.0 Fighting
 + Level 8.8 Polearms
 + Level 11.2 Armour
 + Level 4.2 Dodging
 + Level 11.6 Shields


You had 6 spell levels left.
You didn't know any spells.

Dungeon Overview and Level Annotations

Branches:
Dungeon (1/1)

Altars:
Cheibriados
Dithmenos
Elyvilon
Fedhas
Gozag
Hepliaklqana
Kikubaaqudgha
Makhleb
Nemelex Xobeh
Okawaru
Qazlal
Ru
Sif Muna
Trog
Uskayaw
Vehumet
Xom
Yredelemnul
Zin
The Shining One
Beogh
Jiyva
Lugonu


Innate Abilities, Weirdness & Mutations

You reflexively headbutt those who attack you in melee.
You have a pair of horns on your head.


Message History

You see here a dagger.
You now have 468 gold pieces (gained 207).
You open the door.
A hippogriff, a killer bee, an ugly thing, a centaur warrior, a troll and a hill giant come into view.
The green ugly thing gurgles horribly!
The hill giant shouts!
The troll shouts!
The centaur warrior wields a glowing longbow.
It bursts into flame!
The centaur warrior shoots an arrow.
The arrow hits you!!
* * * LOW HITPOINT WARNING * * *
The arrow burns you!
* * * LOW HITPOINT WARNING * * *
Okay, then.
You close the door.
A centaur warrior opens the door.
You close the door.
A centaur warrior opens the door.
The centaur warrior shoots an arrow.
You block the arrow.
You close the door.
A centaur warrior opens the door.
You close the door.
A centaur warrior opens the door.
The killer bee is distracted by your gold.
The centaur warrior shoots an arrow.
The arrow hits you!
You die...
Your body crumbles into a pile of gold. $$$$$ $ $ $ $$$$$ ▓▓▓▓▓▓▓▓▓▓▓▓▓▓▓▓▓▓▓▓▓▓▓▓ uCTHyc'@.....).$.[.)|..' ▓▓▓▓▓▓▓▓▓▓▓▓▓▓▓▓▓▓▓▓▓▓▓▓

You could see a green ugly thing, a hill giant, a centaur warrior, a hippogriff, a troll and a killer bee (unaware).

Vanquished Creatures
  An unseen horror (D)
  A yak (D)
  A water moccasin (D)
  A sky beast (D)
  A howler monkey (D)
  An adder (D)
  An adder skeleton (D)
  An orc (D)
  A bat (D)
  2 hobgoblins (D)
  2 jackals (D)
  2 ball pythons (D)
  A rat (D)
16 creatures vanquished.

Notes
Turn   | Place    | Note
-------+----------+-------------------------------------------
     0 | D        | LORDOFBUTT the Minotaur Fighter began the quest for the Orb.
     0 | D        | Reached XP level 1. HP: 19/19 MP: 0/0
    95 | D        | Reached XP level 2. HP: 27/27 MP: 1/1
   109 | D        | Reached skill level 5 in Armour
   114 | D        | Reached skill level 5 in Shields
   232 | D        | Found a roughly hewn altar of Beogh.
   232 | D        | Found a snail-covered altar of Cheibriados.
   232 | D        | Found a shadowy altar of Dithmenos.
   232 | D        | Found a white marble altar of Elyvilon.
   232 | D        | Found a blossoming altar of Fedhas.
   232 | D        | Found an opulent altar of Gozag.
   233 | D        | Found a hazy altar of Hepliaklqana.
   234 | D        | Found a viscous altar of Jiyva.
   235 | D        | Found an ancient bone altar of Kikubaaqudgha.
   236 | D        | Found a corrupted altar of Lugonu.
   237 | D        | Found a burning altar of Makhleb.
   238 | D        | Found a sparkling altar of Nemelex Xobeh.
   239 | D        | Found an iron altar of Okawaru.
   240 | D        | Became a worshipper of Gozag Ym Sagoz the Greedy
   241 | D        | Found a stormy altar of Qazlal.
   242 | D        | Found a sacrificial altar of Ru.
   243 | D        | Found a deep blue altar of Sif Muna.
   244 | D        | Found a bloodstained altar of Trog.
   245 | D        | Found a hide-covered altar of Uskayaw.
   246 | D        | Found a radiant altar of Vehumet.
   247 | D        | Found a shimmering altar of Xom.
   248 | D        | Found a basalt altar of Yredelemnul.
   249 | D        | Found a glowing silver altar of Zin.
   250 | D        | Found a glowing golden altar of the Shining One.
   302 | D        | Noticed a yak
   302 | D        | Noticed a water moccasin
   302 | D        | Noticed a sky beast
   302 | D        | Noticed a howler monkey
   309 | D        | Killed a howler monkey
   309 | D        | Reached skill level 5 in Fighting
   309 | D        | Reached XP level 3. HP: 31/36 MP: 2/2
   326 | D        | Killed a sky beast
   326 | D        | Reached skill level 5 in Polearms
   326 | D        | Reached skill level 1 in Dodging
   326 | D        | Reached XP level 4. HP: 33/45 MP: 3/3
   326 | D        | Reached XP level 5. HP: 37/51 MP: 4/4
   357 | D        | Killed an unseen horror
   357 | D        | Reached skill level 10 in Armour
   357 | D        | Reached skill level 10 in Shields
   357 | D        | Reached XP level 6. HP: 24/64 MP: 5/5
   357 | D        | Reached XP level 7. HP: 26/70 MP: 6/6
   375 | D        | Killed a yak
   375 | D        | Reached skill level 10 in Fighting
   387 | D        | Noticed a green ugly thing
   387 | D        | Noticed a hill giant
   387 | D        | Noticed a troll
   387 | D        | Noticed a hippogriff
   387 | D        | Noticed a centaur warrior
   387 | D        | HP: 3/72 [centaur warrior/arrow (9)]
   391 | D        | Shot with an arrow by a centaur warrior

Vault maps used:
D:        linesprint

Skill      XL: |  1  2  3  4  5  6  7 |
---------------+----------------------+-----
Fighting       | 4 5 6 9 10 | 10.0
Armour         | 4 6 7 10 11 | 11.2
Shields        | 4 6 7 10 11 | 11.6
Polearms       | 3 5 8 |  8.8
Dodging        | 1 3 4 |  4.2

Action                   |  1- 3 |  4- 6 |  7- 9 || total
-------------------------+-------+-------+-------++-------
Melee: Trident           |    63 |    22 |    16 ||   101
       Headbutt          |     8 |     6 |     6 ||    20
  Use: Potion            |       |     1 |     1 ||     2
Armor: Scale mail        |    23 |       |       ||    23
       Chain mail        |    13 |    16 |     6 ||    35
Dodge: Dodged            |     8 |     1 |     5 ||    14
Block: Shield            |    27 |     8 |     6 ||    41
